AAA
RICHMOND RAMS @ FLAGSTAFF FLYERS
05/23/2060
 
TOP OF THE 1ST
Richmond Rams batting - Pitching for Flagstaff Flyers : RHP Carlo Sanford
Pitching: RHP Carlo Sanford
Batting: RHB Ken Daly 0-0: Called Strike
0-1: Ball
1-1: Foul Ball, location: 2F
1-2: SINGLE (Line Drive, 4D, EV 93.8 MPH)
Batting: SHB Detwon Ayala 0-0: Ball
1-0: Called Strike
1-1: Swinging Strike
1-2: Ball
2-2: Ball
Wild Pitch!
Ken Daly to second
3-2: Fly out, F9 (Line Drive, 9S, EV 96.2 MPH)
Batting: LHB Logan Sparks 0-0: Ball
1-0: Called Strike
1-1: Ball
2-1: Called Strike
2-2: Strikes out swinging
Batting: RHB Joseph Gazdaru 0-0: Foul Ball, location: 2F
0-1: Ground out 6-3 (Groundball, 6M, EV 81.9 MPH)
Top of the 1st over - 0 runs, 1 hit, 0 errors, 1 left on base; Richmond 0 - Flagstaff 0
BOTTOM OF THE 1ST
Flagstaff Flyers batting - Pitching for Richmond Rams : RHP Johnny Lawson
Pitching: RHP Johnny Lawson
Batting: LHB Billy Jensen 0-0: Foul Ball, location: 2F
0-1: Ball
1-1: Fly out, F6 (Line Drive, 6, EV 70.0 MPH)
Batting: LHB Jayden Sigmon 0-0: Called Strike
0-1: Called Strike
0-2: Ball
1-2: Foul Ball, location: 2F
1-2: Ground out 5-3 (Groundball, 5S, EV 76.2 MPH)
Batting: RHB Scott McDonald 0-0: Called Strike
0-1: Fly out, F5 (Popup, 56S, EV 78.1 MPH)
Bottom of the 1st over - 0 runs, 0 hits, 0 errors, 0 left on base; Richmond 0 - Flagstaff 0
TOP OF THE 2ND
Richmond Rams batting - Pitching for Flagstaff Flyers : RHP Carlo Sanford
Batting: RHB Lou Winfield 0-0: Ball
1-0: Ball
2-0: Ball
3-0: Base on Balls
Batting: RHB Linton Makepeace 0-0: Called Strike
0-1: Called Strike
0-2: Strikes out swinging
Batting: RHB Tommy Dupree 0-0: Swinging Strike
0-1: Ball
1-1: Foul Ball, location: 2F
1-2: Foul Ball, location: 2F
1-2: Ball
2-2: Strikes out swinging
Batting: RHB Joey Shelton 0-0: Called Strike
0-1: Swinging Strike
0-2: Ball
1-2: Ball
2-2: Strikes out swinging
Top of the 2nd over - 0 runs, 0 hits, 0 errors, 1 left on base; Richmond 0 - Flagstaff 0
BOTTOM OF THE 2ND
Flagstaff Flyers batting - Pitching for Richmond Rams : RHP Johnny Lawson
Batting: SHB Josiah Swallow 0-0: Called Strike
0-1: Ball
1-1: Ball
2-1: Foul Ball, location: 2F
2-2: Ball
3-2: Base on Balls
Batting: RHB Cliff Passarelli 0-0: Ball
Josiah Swallow is caught stealing 2nd base 2-4
1-0: Ball
2-0: Foul Ball, location: 2F
2-1: Ball
3-1: Foul Ball, location: 2F
3-2: Base on Balls
Batting: LHB Terrance Owens 0-0: Ball
1-0: Grounds into double play, 1-6-3 (Groundball, 13, EV 61.9 MPH)
Bottom of the 2nd over - 0 runs, 0 hits, 0 errors, 0 left on base; Richmond 0 - Flagstaff 0
TOP OF THE 3RD
Richmond Rams batting - Pitching for Flagstaff Flyers : RHP Carlo Sanford
Batting: LHB Kenny Hillestad 0-0: Ball
1-0: Ball
2-0: Called Strike
2-1: Ball
3-1: Fly out, F6 (Line Drive, 6, EV 69.4 MPH)
Batting: RHB Ken Daly 0-0: Called Strike
0-1: Foul Ball, location: 2F
0-2: SINGLE (Groundball, 6MD, EV 95.0 MPH)
Batting: SHB Detwon Ayala 0-0: DOUBLE (Flyball, 8LXD, EV 93.8 MPH)
Ken Daly to third
Batting: LHB Logan Sparks 0-0: Ground out 6-3 (Groundball, 56, EV 88.1 MPH)
Batting: RHB Joseph Gazdaru 0-0: Ball
1-0: Ball
2-0: Called Strike
2-1: Ball
3-1: Base on Balls
Batting: RHB Lou Winfield 0-0: Foul Ball, location: 2F
Balk!
Ken Daly scores
Detwon Ayala to third
Joseph Gazdaru to second
0-1: Ball
1-1: Fly out, F7 (Flyball, 7LS, EV 92.5 MPH)
Top of the 3rd over - 1 run, 2 hits, 0 errors, 2 left on base; Richmond 1 - Flagstaff 0
BOTTOM OF THE 3RD
Flagstaff Flyers batting - Pitching for Richmond Rams : RHP Johnny Lawson
Batting: RHB Oscar McKinney 0-0: Ball
1-0: Ground out 5-3 (Groundball, 56S, EV 86.9 MPH)
Batting: RHB Victor Cunningham 0-0: Called Strike
0-1: Called Strike
0-2: Ball
1-2: Foul Ball, location: 2F
1-2: Foul Ball, location: 2F
1-2: Ball
2-2: Ground out 4-3 (Groundball, 4, EV 101.2 MPH)
Batting: RHB Timon Angeles 0-0: Ball
1-0: Ball
2-0: Ground out 6-3 (Groundball, P, EV 82.5 MPH)
Bottom of the 3rd over - 0 runs, 0 hits, 0 errors, 0 left on base; Richmond 1 - Flagstaff 0
TOP OF THE 4TH
Richmond Rams batting - Pitching for Flagstaff Flyers : RHP Carlo Sanford
Batting: RHB Linton Makepeace 0-0: Ball
1-0: Foul Ball, location: 2F
1-1: SINGLE (Flyball, 3D, EV 100.6 MPH)
Batting: RHB Tommy Dupree 0-0: Foul Ball, location: 2F
0-1: Ball
1-1: Ball
Linton Makepeace is caught stealing 2nd base 2-4
2-1: Foul Ball, location: 2F
2-2: Ball
3-2: SINGLE (Groundball, 25, EV 75.0 MPH) (infield hit)
Batting: RHB Joey Shelton 0-0: Ball
1-0: Ball
2-0: Called Strike
2-1: Foul Ball, location: 2F
2-2: Fly out, F1 (Line Drive, P, EV 62.5 MPH)
Batting: LHB Kenny Hillestad 0-0: Ball
1-0: SINGLE (Line Drive, 8LS, EV 93.1 MPH)
Tommy Dupree to second
Runner from 2nd tries for 3rd, SAFE, throw by CF made to third
Batting: RHB Ken Daly 0-0: Called Strike
0-1: Ball
1-1: Called Strike
1-2: Ball
2-2: Ball
3-2: Ground out 6-3 (Groundball, 6, EV 104.4 MPH)
Top of the 4th over - 0 runs, 3 hits, 0 errors, 2 left on base; Richmond 1 - Flagstaff 0
BOTTOM OF THE 4TH
Flagstaff Flyers batting - Pitching for Richmond Rams : RHP Johnny Lawson
Batting: LHB Billy Jensen 0-0: Ball
1-0: Ball
2-0: Fly out, F8 (Line Drive, 8RM, EV 102.5 MPH)
Batting: LHB Jayden Sigmon 0-0: Foul Ball, location: 2F
0-1: Called Strike
0-2: Foul Ball, location: 2F
0-2: Ball
1-2: Ball
2-2: Ground out 3-1 (Groundball, 34S, EV 79.4 MPH)
Batting: RHB Scott McDonald 0-0: Called Strike
0-1: SINGLE (Groundball, 5S, EV 65.6 MPH) (infield hit)
Batting: SHB Josiah Swallow 0-0: Called Strike
0-1: Swinging Strike
0-2: Ball
1-2: Ball
2-2: Ball
3-2: Foul Ball, location: 2F
3-2: Base on Balls
Scott McDonald to second
Batting: RHB Cliff Passarelli 0-0: Called Strike
0-1: Ball
1-1: Swinging Strike
1-2: Ball
2-2: Foul Ball, location: 2F
2-2: Strikes out swinging
Bottom of the 4th over - 0 runs, 1 hit, 0 errors, 2 left on base; Richmond 1 - Flagstaff 0
TOP OF THE 5TH
Richmond Rams batting - Pitching for Flagstaff Flyers : RHP Carlo Sanford
Batting: SHB Detwon Ayala 0-0: Ball
1-0: Foul Ball, location: 2F
1-1: Foul Ball, location: 2F
1-2: Ball
2-2: Foul Ball, location: 2F
2-2: Ball
3-2: Foul Ball, location: 2F
3-2: Fly out, F7 (Flyball, 7D, EV 94.4 MPH)
Batting: LHB Logan Sparks 0-0: Ball
1-0: Swinging Strike
1-1: Foul Ball, location: 2F
1-2: Ball
2-2: Fly out, F8 (Flyball, 8LD, EV 106.9 MPH)
Batting: RHB Joseph Gazdaru 0-0: Called Strike
0-1: Ball
1-1: Ball
2-1: Swinging Strike
2-2: Foul Ball, location: 2F
2-2: Strikes out swinging
Top of the 5th over - 0 runs, 0 hits, 0 errors, 0 left on base; Richmond 1 - Flagstaff 0
BOTTOM OF THE 5TH
Flagstaff Flyers batting - Pitching for Richmond Rams : RHP Johnny Lawson
Batting: LHB Terrance Owens 0-0: Ball
1-0: Foul Ball, location: 2F
1-1: Ball
2-1: Foul Ball, location: 2F
2-2: DOUBLE (Line Drive, 9LM, EV 113.1 MPH)
Batting: RHB Oscar McKinney 0-0: Called Strike
0-1: Swinging Strike
0-2: Ball
1-2: Ball
2-2: Ball
3-2: Strikes out swinging
Batting: RHB Victor Cunningham 0-0: Foul Ball, location: 2F
0-1: Ball
1-1: Ball
2-1: Swinging Strike
2-2: SINGLE (Line Drive, 89S, EV 105.6 MPH)
Terrance Owens to third
Batting: RHB Timon Angeles 0-0: DOUBLE (Line Drive, 9LM, EV 100.6 MPH)
Terrance Owens scores
Victor Cunningham to third
Batting: LHB Billy Jensen 0-0: Ball
1-0: Single, Error in OF, E8, batter to second base (Groundball, 6M, EV 106.9 MPH)
Victor Cunningham scores
Timon Angeles scores
Batting: LHB Jayden Sigmon 0-0: Ball
1-0: Ground out 4-3 (Groundball, 4, EV 91.9 MPH)
Billy Jensen to third
Batting: RHB Scott McDonald 0-0: Ball
1-0: Ball
2-0: Ball
3-0: Called Strike
3-1: Base on Balls
Batting: SHB Josiah Swallow 0-0: Ball
1-0: Ball
2-0: Ball
3-0: Base on Balls
Scott McDonald to second
Pitching: LHP Hayden Ramirez
Batting: RHB Cliff Passarelli 0-0: Foul Ball, location: 2F
0-1: Ball
1-1: SINGLE (Groundball, 56D, EV 95.0 MPH)
Billy Jensen scores
Scott McDonald to third
Josiah Swallow to second
Runner from 3rd tries for Home, SAFE, throw by LF to home
Batting: LHB Terrance Owens 0-0: Called Strike
0-1: Ball
1-1: Ball
2-1: Ground out 4-3 (Groundball, 4S, EV 93.8 MPH)
Bottom of the 5th over - 5 runs, 5 hits, 1 error, 2 left on base; Richmond 1 - Flagstaff 5
TOP OF THE 6TH
Richmond Rams batting - Pitching for Flagstaff Flyers : RHP Carlo Sanford
Pitching: RHP Griffin Phillips
Batting: RHB Lou Winfield 0-0: Ball
1-0: Called Strike
1-1: Ball
2-1: SINGLE (Flyball, 78M, EV 98.8 MPH)
Batting: RHB Linton Makepeace 0-0: Called Strike
0-1: Ball
1-1: Called Strike
1-2: Foul Ball, location: 2F
1-2: Foul Ball, location: 2F
1-2: Ball
2-2: Ball
3-2: Fly out, F5 (Line Drive, 5L, EV 63.8 MPH)
Batting: RHB Tommy Dupree 0-0: Called Strike
0-1: Ball
1-1: Foul Ball, location: 2F
1-2: Grounds into double play, 6-4-3 (Groundball, 6M, EV 100.6 MPH)
Top of the 6th over - 0 runs, 1 hit, 0 errors, 0 left on base; Richmond 1 - Flagstaff 5
BOTTOM OF THE 6TH
Flagstaff Flyers batting - Pitching for Richmond Rams : LHP Hayden Ramirez
Batting: RHB Oscar McKinney 0-0: Ball
1-0: Ball
2-0: Foul Ball, location: 2F
2-1: Ground out 5-3 (Groundball, 56, EV 85.0 MPH)
Batting: RHB Victor Cunningham 0-0: Called Strike
0-1: Swinging Strike
0-2: Ball
1-2: Ball
2-2: Ball
3-2: Strikes out swinging
Batting: RHB Timon Angeles 0-0: Foul Ball, location: 2F
0-1: Foul Ball, location: 2F
0-2: Strikes out swinging
Bottom of the 6th over - 0 runs, 0 hits, 0 errors, 0 left on base; Richmond 1 - Flagstaff 5
TOP OF THE 7TH
Richmond Rams batting - Pitching for Flagstaff Flyers : RHP Griffin Phillips
Batting: RHB Joey Shelton 0-0: Swinging Strike
0-1: Foul Ball, location: 2F
0-2: Strikes out looking
Batting: LHB Kenny Hillestad 0-0: Ball
1-0: Swinging Strike
1-1: Called Strike
1-2: Ball
2-2: Strikes out swinging, 2-3 out at first.
Batting: RHB Ken Daly 0-0: SINGLE (Line Drive, 4D, EV 100.0 MPH)
Pitching: LHP Da'Shonte Ruvelas
Batting: SHB Detwon Ayala 0-0: Called Strike
0-1: Ball
1-1: Called Strike
1-2: Foul Ball, location: 2F
1-2: Foul Ball, location: 2F
1-2: Foul Ball, location: 2F
1-2: Foul Ball, location: 2F
1-2: Foul Ball, location: 2F
1-2: Strikes out swinging
Top of the 7th over - 0 runs, 1 hit, 0 errors, 1 left on base; Richmond 1 - Flagstaff 5
BOTTOM OF THE 7TH
Flagstaff Flyers batting - Pitching for Richmond Rams : LHP Hayden Ramirez
Batting: LHB Billy Jensen 0-0: Ball
1-0: Called Strike
1-1: Ball
2-1: Ball
3-1: Ground out U3 (Groundball, 34S, EV 83.8 MPH)
Batting: LHB Jayden Sigmon 0-0: Called Strike
0-1: Called Strike
0-2: Ball
1-2: Ball
2-2: Foul Ball, location: 2F
2-2: Ground out U3 (Groundball, 34, EV 80.0 MPH)
Batting: RHB Scott McDonald 0-0: Ball
1-0: Ball
2-0: Swinging Strike
2-1: Ball
3-1: Base on Balls
Batting: SHB Josiah Swallow 0-0: Ball
1-0: Fielders Choice at 2nd, 5-4 (Groundball, 5, EV 89.4 MPH)
Bottom of the 7th over - 0 runs, 0 hits, 0 errors, 1 left on base; Richmond 1 - Flagstaff 5
TOP OF THE 8TH
Richmond Rams batting - Pitching for Flagstaff Flyers : LHP Da'Shonte Ruvelas
Batting: LHB Logan Sparks 0-0: Ball
1-0: Ball
2-0: Ball
3-0: Swinging Strike
3-1: Called Strike
3-2: Strikes out looking
Batting: RHB Joseph Gazdaru 0-0: Ball
1-0: Ball
2-0: Ball
3-0: Called Strike
3-1: Base on Balls
Batting: RHB Lou Winfield 0-0: Ball
1-0: Ball
2-0: Grounds into double play, 6-4-3 (Groundball, 56D, EV 105.0 MPH)
Top of the 8th over - 0 runs, 0 hits, 0 errors, 0 left on base; Richmond 1 - Flagstaff 5
BOTTOM OF THE 8TH
Flagstaff Flyers batting - Pitching for Richmond Rams : LHP Hayden Ramirez
Batting: RHB Cliff Passarelli 0-0: Called Strike
0-1: Swinging Strike
0-2: Ball
1-2: Strikes out swinging
Batting: LHB Terrance Owens 0-0: Called Strike
0-1: Ball
1-1: Ball
2-1: Foul Ball, location: 2F
2-2: Fly out, F8 (Line Drive, 8RM, EV 94.4 MPH)
Batting: RHB Oscar McKinney 0-0: Called Strike
0-1: Foul Ball, location: 2F
0-2: Strikes out swinging
Bottom of the 8th over - 0 runs, 0 hits, 0 errors, 0 left on base; Richmond 1 - Flagstaff 5
TOP OF THE 9TH
Richmond Rams batting - Pitching for Flagstaff Flyers : LHP Da'Shonte Ruvelas
Pitching: RHP Weston Pilling
Batting: RHB Linton Makepeace 0-0: Ground out 4-3 (Groundball, 4, EV 85.0 MPH)
Batting: RHB Tommy Dupree 0-0: Called Strike
0-1: Foul Ball, location: 2F
0-2: Foul Ball, location: 2F
0-2: SINGLE (Groundball, 25, EV 65.0 MPH) (infield hit)
Batting: RHB Joey Shelton 0-0: Ball
1-0: Called Strike
1-1: Fly out, F7 (Flyball, 78S, EV 83.8 MPH)
Batting: LHB Kenny Hillestad 0-0: Swinging Strike
0-1: Ball
1-1: Foul Ball, location: 2F
1-2: Fielders Choice at 2nd, 6-4 (Groundball, 6, EV 88.1 MPH)
Top of the 9th over - 0 runs, 1 hit, 0 errors, 1 left on base; Richmond 1 - Flagstaff 5
Wednesday, May 1st , 2024 - OOTP Baseball 23.10 Build 110